 Dungeon Crawl Stone Soup version 0.25.1-2-g60ff931df9 (webtiles) character file.

Game seed: 8408713521554099750

90 DRShiny the Skirmisher (level 4, -1/41 HPs)
             Began as a Minotaur Fighter on Sept 12, 2020.
             Slain by Sigmund
             ... wielding a +0 scythe
              (7 damage)
             ... on level 3 of the Dungeon on Sept 19, 2020.
             The game lasted 00:13:10 (2058 turns).

DRShiny the Skirmisher (Minotaur Fighter)           Turns: 2058, Time: 00:13:11

Health: -1/41      AC:  9    Str: 21    XL:     4   Next: 32%
Magic:  3/3        EV:  7    Int:  5    God:
Gold:   124        SH:  0    Dex: 10    Spells: 3/3 levels left

rFire    . . .     SeeInvis .   a - +1 war axe
rCold    . . .     Gourm    .   c - +0 kite shield
rNeg     . . .     Faith    .   b - +0 scale mail
rPois    .         Spirit   .   (helmet restricted)
rElec    .         Reflect  .   (no cloak)
rCorr    .         Harm     .   (no gloves)
MR       .....                  h - +1 pair of boots
Stlth    ..........             (no amulet)
HPRegen  0.13/turn              (no ring)
MPRegen  0.08/turn              (no ring)

@: confused
A: retaliatory headbutt, horns 2
a: no special abilities


You were on level 3 of the Dungeon.
You were not hungry.

You visited 1 branch of the dungeon, and saw 3 of its levels.

You collected 124 gold pieces.

Inventory:

Hand Weapons
 a - a +1 war axe (weapon)
Missiles
 n - 40 stones (quivered)
Armour
 b - a +0 scale mail (worn)
 c - a +0 kite shield (worn)
 h - a +1 pair of boots (worn)
Jewellery
 j - an uncursed ring of flight {unknown}
Scrolls
 e - 3 scrolls of identify {unknown}
 i - a scroll of magic mapping {unknown}
 o - a scroll of teleportation
Potions
 d - a potion of might
 g - 3 potions of lignification {unknown}
 k - 4 potions of curing {unknown}
 l - a potion of ambrosia {unknown}
 m - a potion of resistance {unknown}
 r - 2 potions of degeneration {unknown}
Comestibles
 f - a ration
 q - a chunk of flesh


   Skills:
 + Level 4.4 Fighting
 * Level 4.3 Axes
 + Level 4.3 Armour
 - Level 3.6 Shields


You had 3 spell levels left.
You didn't know any spells.
Your spell library was empty.

Dungeon Overview and Level Annotations

Branches:
Dungeon (3/15)

Altars:
Zin

Annotations:
D:3 2 runed translucent doors, Crazy Yiuf, Sigmund


Innate Abilities, Weirdness & Mutations

You reflexively headbutt those who attack you in melee.
You have a pair of horns on your head.


Message History

The frilled lizard hisses angrily.
Sigmund casts a spell at you. The puff of flame hits you.
You block the frilled lizard's attack.
Found 2 fizzy silvery potions.
You hit the frilled lizard.
You kill the frilled lizard!
You see here a frilled lizard corpse.
You butcher the frilled lizard corpse.
Things that are here:
a chunk of flesh; a frilled lizard skeleton
Found a scroll of teleportation.
Sigmund casts a spell at you.
You are confused.
Sigmund hits you with a +0 scythe!
* * * LOW HITPOINT WARNING * * *
Sigmund hits you from afar with a +0 scythe.
* * * LOW HITPOINT WARNING * * *
Sigmund hits you from afar with a +0 scythe!
You die...

##### ........
............. #)..#
.......# #.@###.#.#.#
#...# ......?# #..#
#.#.# ... .....#
#..###.#.# #+#
######..####......#.#
♣.♣♣
#..!.....%........#.#
♣♣.♣
#####.@#####.###.#.#
♣.♣♣ #..# #.....#...#
♣♣.♣ #@.# ########@..
♣♣.♣♣ #......... ....
♣♣...♣ #.########
##... ♣....♣ #.# ....
#....# ######.# ...
#....###....#.# #.#
#...........#.. #.#
##..........#########
#.#
##.......÷.........#
#o#


You could see Sigmund.

Vanquished Creatures
  Terence (D:2)
  An adder (D:2)
  An ooze (D:3)
  2 worms
  3 leopard geckos
  An orc (D:2)
  5 bats
  2 giant cockroaches
  9 goblins
  2 hobgoblins (D:1)
  A quokka (D:3)
  2 ball pythons
  2 frilled lizards
  5 kobolds
  5 rats (D:1)
42 creatures vanquished.

Notes
Turn   | Place    | Note
-------+----------+-------------------------------------------
     0 | D:1      | DRShiny the Minotaur Fighter began the quest for the Orb.
     0 | D:1      | Reached XP level 1. HP: 19/19 MP: 0/0
   180 | D:1      | Reached XP level 2. HP: 27/27 MP: 1/1
  1185 | D:2      | Reached XP level 3. HP: 30/33 MP: 2/2
  1480 | D:2      | Noticed Terence
  1496 | D:2      | Killed Terence
  1496 | D:2      | Reached XP level 4. HP: 27/40 MP: 3/3
  1814 | D:3      | Found a runed translucent door.
  1815 | D:3      | Noticed Crazy Yiuf
  1933 | D:3      | Noticed Sigmund
  1954 | D:3      | Found a glowing silver altar of Zin.
  1954 | D:3      | Noticed an angel
  1955 | D:3      | Found a runed translucent door.
  2058 | D:3      | Slain by Sigmund

Illustrated notes

Levels and vault maps discovered:
D:1:      lemuel_arrival_hallway, layout_loops_ring,
          chequers_serial_rivers_small_b
D:2:      minmay_diamond_boxcup, layout_rooms, first_ration, uniq_terence
D:3:      layout_basic, lemuel_round_altar, lemuel_angel_altar,
          uniq_crazy_yiuf_cottage, uniq_ijyb, uniq_sigmund

Skill      XL: |  1  2  3 |
---------------+----------+-----
Axes           | 3 4 |  4.3
Fighting       | 4 |  4.4
Armour         | 4 |  4.3
Shields        | |  3.6

Action                   |  1- 3 |  4- 6 || total
-------------------------+-------+-------++-------
Melee: War axe           |    94 |    23 ||   117
       Headbutt          |    15 |     3 ||    18
  Use: Scroll            |       |     2 ||     2
  Eat: Ration            |     1 |       ||     1
Armor: Scale mail        |    44 |     7 ||    51
Dodge: Dodged            |    21 |     5 ||    26
Block: Kite shield       |    38 |    11 ||    49
